 Dungeon Sprint DCSS version 0.26-a0-1013-gf6ffb0d6bd (webtiles) character file.

Game seed: 12496718101709940934

7603 sahdkjhfkaj the Brawler (level 10, -31/126 HPs)
             Began as a Troll Berserker on Dec 7, 2020.
             Was an Elder of Trog.
             Killed from afar by Frances (55 damage)
             ... with an iron shot
             ... in the Dungeon (Sprint III: "The Ten Rune Challenge").
             The game lasted 00:02:12 (1441 turns).

sahdkjhfkaj the Brawler (Troll Berserker)           Turns: 1441, Time: 00:02:13

Health: -31/126    AC:  6    Str: 30    XL:     10   Next: 97%
Magic:  9/9        EV: 10    Int:  3    God:    Trog [****..]
Gold:   32         SH:  0    Dex:  9    Spells: 9/9 levels left

rFire    . . .     SeeInvis .     - Unarmed
rCold    . . .     Faith    .   (no shield)
rNeg     . . .     Spirit   .   a - +0 animal skin
rPois    .         Reflect  .   (helmet restricted)
rElec    .         Harm     .   (no cloak)
rCorr    .         Rampage  .   (gloves unavailable)
Will     .....     NoTele   +   (boots unavailable)
Stlth    +.........             (no amulet)
HPRegen  0.71/turn              (no ring)
MPRegen  0.11/turn              (no ring)

@: lethally poisoned (-31 -> -43), berserk cooldown, slowed, very slow
A: large, unfitting armour, claws 3, regeneration 1, shaggy fur 1, tough skin 3
a: Berserk, Trog's Hand, Brothers in Arms, Renounce Religion


You were in the Dungeon.
You worshipped Trog.
Trog was greatly pleased with you.
You visited 1 branch You collected 32 gold pieces.

Inventory:

Armour
 a - a +0 animal skin (worn)
Scrolls
 g - a scroll of blinking
 h - 4 scrolls of remove curse
 i - 2 scrolls of holy word {unknown}
 j - 2 scrolls of identify {unknown}
Potions
 b - 3 potions of mutation {unknown}
 d - a potion of haste
 e - 2 potions of magic
 f - a potion of berserk rage
 k - a potion of might
 l - 2 potions of flight {unknown}
 m - a potion of curing
Miscellaneous
 n - a condenser vane


   Skills:
 + Level 15.4 Fighting
 - Level 2.4 Dodging
 + Level 17.9 Unarmed Combat


You had 9 spell levels left.
You didn't know any spells.
Your spell library was empty.

Dungeon Overview and Level Annotations

Branches:
Dungeon (1/1)

Altars:
Cheibriados
Dithmenos
Elyvilon
Fedhas
Gozag
Hepliaklqana
Kikubaaqudgha
Makhleb
Nemelex Xobeh
Okawaru
Qazlal
Ru
Sif Muna
Trog
Uskayaw
Vehumet
Wu Jian
Xom
Yredelemnul
Zin
The Shining One
Beogh
Jiyva
Lugonu

Annotations:
D Frances


Innate Abilities, Weirdness & Mutations

You are too large for most types of armour.
You have claws for hands.
Your natural rate of healing is unusually fast.
You are covered in fur. (AC +1)
You have extremely tough skin. (AC +3)


Message History

You feel as though you will be slow longer.
Something hits your troll!!
Your troll is engulfed in flames!!
You feel very sick.
Frances throws a curare-tipped dart.
The curare-tipped dart hits your troll.
Your troll is poisoned.
Your troll convulses.
Your troll seems to slow down.
Your troll completely misses Frances.
Your troll claws Frances!!
Your troll claws Frances.
Frances whispers indecipherable words.
Send 'em back where they came from!
Trog shields your ally from puny magic! The sun demon hits your troll!
Your troll is engulfed in flames!!
Your troll dies!
Your troll's corpse disappears in a puff of smoke!
Frances shouts!
Your two-headed ogre goes berserk!
Trog will no longer gift you weapons.
You feel very sick.
Frances mutters in a terrible tongue.
The iron shot hits you!!!
You die...

#
#+#####################
#....#.#.#.....#......+
##.#))#.##)###.#^.^^.^#
'##)#.#.##.#.)##..^^..#
#...#..#..##.†'.......#
▓▓▓▓▓▓▓▓▓▓▓▓▓▓#O..^...#
........)≈≈...#.......#
≈≈≈≈≈≈≈≈≈≈♣♣P.'.@.....#
♣♣♣♣♣♣♣♣♣♣♣♣PP#^.§..^^#
♣♣♣##(######
♣♣♣♣♣♣♣♣♣♣♣ #.@3+
.##≈≈≈≈≈D.. #...#
#.#≈≈≈≈°D.. #...#
.##+≈≈≈≈≈# #####
.).#≈;...○○ #..#≈..+###


You could see Frances (fast), a sun demon (summoned) and a friendly two-headed
ogre (summoned, berserk).

Vanquished Creatures
  Donald (D)
  Erolcha (D)
  Urug (D)
  A lindwurm (D)
  A deep elf mage (D)
  2 cane toads (D)
  A komodo dragon (D)
  2 tyrant leeches (D)
  3 wandering mushrooms (D)
  5 redbacks (D)
  A shadow (D)
  A spatial vortex (D)
  A necrophage (D)
  5 two-headed ogres (D)
  A water elemental (D)
  A scorpion (D)
  A jelly (D)
  A wizard (D)
  A necromancer (D)
  A kobold demonologist (D)
  3 humans (D)
  4 rats (D)
39 creatures vanquished.

Vanquished Creatures (others)
  A plant (D)
1 creature vanquished.

Grand Total: 40 creatures vanquished

Notes
Turn   | Place    | Note
-------+----------+-------------------------------------------
     0 | D        | sahdkjhfkaj the Troll Berserker began the quest for the
                  | Orb.
     0 | D        | Reached XP level 1. HP: 22/22 MP: 0/0
    26 | D        | Reached ** piety under Trog
    46 | D        | Noticed a scorpion
    49 | D        | Reached skill level 4 in Unarmed Combat
    49 | D        | Reached XP level 2. HP: 32/32 MP: 1/1
    63 | D        | Killed a scorpion
    64 | D        | Reached skill level 5 in Fighting
    64 | D        | Reached skill level 6 in Unarmed Combat
    64 | D        | Reached XP level 3. HP: 15/42 MP: 2/2
    64 | D        | Reached XP level 4. HP: 18/50 MP: 3/3
   156 | D        | Noticed a water elemental
   159 | D        | Killed a water elemental
   159 | D        | Reached *** piety under Trog
   160 | D        | Reached skill level 7 in Unarmed Combat
   213 | D        | Found a glowing silver altar of Zin.
   214 | D        | Found a glowing golden altar of the Shining One.
   214 | D        | Found a white marble altar of Elyvilon.
   214 | D        | Noticed a deep elf mage
   224 | D        | Killed a deep elf mage
   225 | D        | Reached skill level 10 in Unarmed Combat
   225 | D        | Reached XP level 5. HP: 66/67 MP: 4/4
   225 | D        | Reached XP level 6. HP: 74/75 MP: 5/5
   265 | D        | Found a radiant altar of Vehumet.
   266 | D        | Found a shimmering blue altar of Sif Muna.
   266 | D        | Found an ancient bone altar of Kikubaaqudgha.
   267 | D        | Noticed an ice devil
   268 | D        | Reached **** piety under Trog
   269 | D        | Reached skill level 11 in Unarmed Combat
   269 | D        | Reached XP level 7. HP: 83/83 MP: 6/6
   382 | D        | Found a hide-covered altar of Uskayaw.
   382 | D        | Found a roughly hewn altar of Beogh.
   382 | D        | Found an iron altar of Okawaru.
   382 | D        | Found a bloodstained altar of Trog.
   382 | D        | Found an ornate altar of the Wu Jian Council.
   382 | D        | Noticed a human
   382 | D        | Noticed a human
   389 | D        | Killed a human
   394 | D        | Killed a human
   395 | D        | Reached skill level 10 in Fighting
   395 | D        | Reached skill level 12 in Unarmed Combat
   447 | D        | Found a basalt altar of Yredelemnul.
   447 | D        | Found a shadowy altar of Dithmenos.
   447 | D        | Found a sacrificial altar of Ru.
   452 | D        | Reached ***** piety under Trog
   493 | D        | Noticed a shadow
   498 | D        | Killed a shadow
   499 | D        | Reached XP level 8. HP: 67/96 MP: 7/7
   517 | D        | Found a blossoming altar of Fedhas.
   517 | D        | Found a stormy altar of Qazlal.
   526 | D        | Found a snail-covered altar of Cheibriados.
   526 | D        | Found a burning altar of Makhleb.
   526 | D        | Found a hazy altar of Hepliaklqana.
   526 | D        | Found a shimmering altar of Xom.
   526 | D        | Found an opulent altar of Gozag.
   526 | D        | Found a sparkling altar of Nemelex Xobeh.
   526 | D        | Found a corrupted altar of Lugonu.
   526 | D        | Found a viscous altar of Jiyva.
   563 | D        | Received a gift from Trog
   564 | D        | Reached skill level 13 in Unarmed Combat
   665 | D        | Noticed a two-headed ogre
   671 | D        | Killed a two-headed ogre
   762 | D        | Noticed a two-headed ogre
   762 | D        | Noticed Erolcha
   765 | D        | Killed Erolcha
   766 | D        | Reached skill level 14 in Unarmed Combat
   766 | D        | Reached XP level 9. HP: 107/109 MP: 8/8
   770 | D        | Killed a two-headed ogre
   771 | D        | Reached skill level 15 in Unarmed Combat
   824 | D        | Noticed a wandering mushroom
   853 | D        | Noticed a wandering mushroom
   855 | D        | Noticed a wandering mushroom
   857 | D        | Received a gift from Trog
   864 | D        | Killed a wandering mushroom
   864 | D        | Reached ****** piety under Trog
   927 | D        | Noticed a cane toad
   927 | D        | Noticed a komodo dragon
   927 | D        | Noticed a cane toad
   936 | D        | Killed a cane toad
   938 | D        | Killed a cane toad
   939 | D        | Reached skill level 16 in Unarmed Combat
   939 | D        | Reached XP level 10. HP: 56/120 MP: 9/9
  1037 | D        | Received a gift from Trog
  1205 | D        | Noticed a lindwurm
  1210 | D        | Killed a lindwurm
  1264 | D        | Reached skill level 17 in Unarmed Combat
  1264 | D        | Noticed Urug
  1273 | D        | Killed Urug
  1362 | D        | Noticed an eight-headed hydra
  1362 | D        | Noticed a five-headed hydra
  1421 | D        | Noticed Donald
  1421 | D        | Noticed Frances
  1422 | D        | Noticed a sixfirhy
  1423 | D        | Noticed a smoke demon
  1434 | D        | Killed Donald
  1434 | D        | Received a gift from Trog
  1435 | D        | Reached skill level 15 in Fighting
  1437 | D        | Noticed a sun demon
  1441 | D        | Killed from afar by Frances

Illustrated notes

Levels and vault maps discovered:
D:        dungeon_sprint_mu [sprint_mu_entry_cave, sprint_mu_temple_rooms,
          sprint_mu_d1_spiders, sprint_mu_d2_genie, sprint_mu_d3_branching,
          sprint_mu_orc_legion, sprint_mu_elf_gauntlet, sprint_mu_hive_nellie,
          sprint_mu_lair_fedhas, sprint_mu_vaults_butterflies,
          sprint_mu_slime_circle, sprint_mu_swamp_cave, sprint_mu_shoals_kraken,
          sprint_mu_blade_basic, sprint_mu_crypt_chambers,
          sprint_mu_tomb_spiral, sprint_mu_vestibule_basic,
          sprint_mu_gehenna_hellfire, sprint_mu_dis_giant,
          sprint_mu_tartarus_statrot, sprint_mu_cocytus_islands, sprint_mu_zot1]

Skill      XL: |  1  2  3  4  5  6  7  8  9 10 |
---------------+-------------------------------+-----
Fighting       | 4 5 9 10 12 13 15 | 15.4
Unarmed Combat | 4 6 10 11 12 14 16 17 | 17.9
Dodging        | |  2.4

Action                   |  1- 3 |  4- 6 |  7- 9 | 10-12 || total
-------------------------+-------+-------+-------+-------++-------
Melee: Unarmed           |    16 |    12 |    65 |    40 ||   133
       Punch             |     1 |       |     4 |     4 ||     9
Invok: Berserk           |     1 |     3 |     3 |     5 ||    12
       Brothers in Arms  |       |       |       |     4 ||     4
       Trog's Hand       |       |       |       |     1 ||     1
  Use: Potion            |     1 |       |       |     1 ||     2
Armor: Animal skin       |     4 |     1 |     5 |     1 ||    11
Dodge: Dodged            |     5 |     4 |    16 |    11 ||    36

Table legend: (Time is in decaauts)
 A = Elapsed time spent in this place.
 B = Non-inter-level travel time spent in this place.
 C = Inter-level travel time spent in this place.
 D = Time resting spent in this place.
 E = Time spent auto-exploring this place.
 F = Levels seen in this place.
 G = Mean time per level.
                   A        B        C        D        E       F      G
               +--------+--------+--------+--------+--------+-----+--------+
         Total |   1532 |   1487 |     45 |   1169 |     28 |   1 | 1532.0 |
       Dungeon |   1532 |   1487 |     45 |   1169 |     28 |   1 | 1532.0 |
               +--------+--------+--------+--------+--------+-----+--------+

Top non-repeatable levels by time:
       D: 1532 daAuts
